 Dungeon Crawl Stone Soup version 0.29-a0-1043-g569b05d6ff (webtiles) character file.

Game seed: 7032166242550022940

31 ytrimaz the Insei (level 3, 0/26 HPs)
             Began as a Demonspawn Transmuter on Aug 15, 2022.
             Succumbed to an adder's poison
             ... on level 2 of the Dungeon.
             The game lasted 00:02:01 (1531 turns).

ytrimaz the Insei (Demonspawn Transmuter)           Turns: 1531, Time: 00:02:01

Health: 0/26       AC:  2    Str: 10    XL:     3   Next: 7%
Magic:  6/6        EV: 12    Int: 16    God:
Gold:   135        SH:  0    Dex: 13    Spells: 1/7 levels left

rFire   . . .      SeeInvis .     - Unarmed
rCold   . . .      Faith    .   (no shield)
rNeg    . . .      Spirit   .   a - +0 robe
rPois   .          Reflect  .   (no helmet)
rElec   .          Harm     .   (no cloak)
rCorr   .          Rampage  .   (no gloves)
Will    .....                   (no boots)
Stlth   +.........              (no amulet)
HPRegen 0.08/turn               (no ring)
MPRegen 0.10/turn               (no ring)

@: lethally poisoned (0 -> -9)
A: ignite blood 1, powered by pain 1
a: no special abilities


You were on level 2 of the Dungeon.
You visited 1 branch of the dungeon, and saw 2 of its levels.

You collected 135 gold pieces.

Inventory:

Armour
 a - a +0 robe (worn)
Potions
 b - 2 potions of lignification
 c - a potion of brilliance {unknown}
 d - 2 potions of curing {unknown}
 e - a potion of heal wounds {unknown}
 f - 2 potions of flight {unknown}


   Skills:
 - Level 1.0 Fighting
 - Level 1.7 Dodging
 + Level 3.2 Unarmed Combat
 * Level 2.5 Spellcasting
 * Level 2.1 Transmutations


You had one spell level left.
You knew the following spells:

 Your Spells              Type           Power      Damage    Failure   Level
a - Beastly Appendage     Tmut           18%        N/A       9%          1
b - Wereblood             Tmut           9%         N/A       12%         2
c - Spider Form           Tmut/Pois      5%         N/A       36%         3

Your spell library contained the following spells:

 Spells                   Type           Power      Damage    Failure   Level
 Ice Form                 Ice/Tmut       5%         N/A       77%         4


Dungeon Overview and Level Annotations

Branches:
Dungeon (2/15)

Altars:

Shops:
D:1 (:*(


Innate Abilities, Weirdness & Mutations

Your demonic aura sometimes causes spilled blood to erupt in flames.
You sometimes gain a little power by taking damage.


Message History

A dart slug and an adder come into view.
Found a silvery potion.
Found a stone staircase leading down.
The dart slug moves out of view.
An adder is nearby!
The adder hisses angrily.
Unknown command.
You barely miss the dart slug. The dart slug closely misses you.
You miss the adder. The adder bites you.
The dart slug bites you but does no damage.
You barely miss the adder. The adder bites you.
You are poisoned.
The adder poisons you!
You miss the adder.
You feel sick. The adder barely misses you. The dart slug closely misses you.
You closely miss the adder.
You feel sick. The adder bites you.
You are more poisoned.
The adder poisons you!
The dart slug bites you but does no damage.
You miss the adder.
You feel sick. The adder barely misses you.
The adder bites you but does no damage.
Unknown command.
You hit the adder but do no damage.
You feel sick. The dart slug bites you. The adder barely misses you.
You hit the dart slug.
The dart slug is moderately wounded.
You feel sick. The adder bites you.
* * * LOW HITPOINT WARNING * * *
The dart slug briefly extends its eye-stalks.
The dart slug closely misses you.
Unknown command.
You hit the dart slug.
The dart slug is severely wounded.
You feel sick. The adder bites you.
* * * LOW HITPOINT WARNING * * *
Unknown command.
The adder attacks as you move away! The adder bites you.
* * * LOW HITPOINT WARNING * * *
You are more poisoned.
The adder poisons you!
You die...

#.# #.#.# ##
#.####...#
#........#
#.########
#####.## ##
#....#.###...#
#.#.###......#
###.##.#.###...#
#....@....# ##
#.###.###.#
#..Sw.#.#
#.....#.#
....>....#
#|#!....#.#
#.#.....#..# #
###.###..# ... .


You could see an adder and a dart slug.

Vanquished Creatures
  2 bats (D:1)
  3 giant cockroaches
  3 goblins (D:1)
  2 hobgoblins (D:1)
  4 jackals (D:1)
  A kobold (D:1)
  A quokka (D:1)
  3 ball pythons (D:1)
  5 frilled lizards (D:1)
  5 rats
29 creatures vanquished.

Notes
Turn   | Place    | Note
-------+----------+-------------------------------------------
     0 | D:1      | ytrimaz the Demonspawn Transmuter began the quest for the
                  | Orb.
     0 | D:1      | Reached XP level 1. HP: 15/15 MP: 3/3
   215 | D:1      | Found Leut's Book Emporium.
   260 | D:1      | Gained mutation: Your demonic aura sometimes causes spilled
                  | blood to erupt in flames. [demonic ancestry]
   260 | D:1      | Reached XP level 2. HP: 14/21 MP: 5/5
   415 | D:1      | Reached skill level 3 in Unarmed Combat
   437 | D:1      | Found Wygiziet's General Store.
   449 | D:1      | Found Zigra's Weapon Emporium.
  1140 | D:1      | Gained mutation: You sometimes gain a little power by
                  | taking damage. [demonic ancestry]
  1140 | D:1      | Reached XP level 3. HP: 22/26 MP: 4/6
  1181 | D:1      | Found Paodeena's Antique Weapon Shoppe.
  1394 | D:2      | Found a faded altar of an unknown god.
  1414 | D:2      | Learned a level 2 spell: Wereblood
  1418 | D:2      | Learned a level 3 spell: Spider Form
  1531 | D:2      | Succumbed to an adder's poison

Illustrated notes

Levels and vault maps discovered:
D:1:      sevenhm_arrival_forest_fort_large_1, layout_basic, serial_shops, shop,
          nicolae_shop_crystal, nicolae_shop_bloodbath_and_beyond,
          nicolae_shop_advertising_works [nicolae_subvault_shop_adworks],
          minmay_pentomino_r2
D:2:      minmay_general_purpose_star, layout_loops_ring,
          shapermc_ecumenical_altar_venn, minmay_fountain_box, st_stairs_3

Skill      XL: |  1  2 |
---------------+-------+-----
Unarmed Combat | 3 |  3.2
Transmutations | 2 |  2.1
Fighting       | |  1.0
Dodging        | |  1.7
Spellcasting   | |  2.5

Action                   || total
-------------------------++-------
Melee: Unarmed           ||    91
       Headbutt          ||     7
       Kick              ||     5
       Punch             ||     1
 Cast: Beastly Appendage ||     9
  Use: Scroll            ||     1
 Stab: Sleeping          ||     1
Armor: Robe              ||    15
Dodge: Dodged            ||    53

Table legend: (Time is in decaauts)
 A = Elapsed time spent in this place.
 B = Non-inter-level travel time spent in this place.
 C = Inter-level travel time spent in this place.
 D = Time resting spent in this place.
 E = Time spent auto-exploring this place.
 F = Levels seen in this place.
 G = Mean time per level.
                   A        B        C        D        E       F      G
               +--------+--------+--------+--------+--------+-----+--------+
         Total |   1527 |   1492 |     35 |     12 |   1241 |   2 |  763.5 |
       Dungeon |   1527 |   1492 |     35 |     12 |   1241 |   2 |  763.5 |
               +--------+--------+--------+--------+--------+-----+--------+

Top non-repeatable levels by time:
     D:1: 1368 daAuts
     D:2: 158 daAuts
